 Dungeon Crawl Stone Soup version 0.27-a0-732-ga892ba84f6 (webtiles) character file.

Game seed: 10989457548413300317

52 Hasart the Magician (level 3, -1/24 HPs)
             Began as a Mummy Venom Mage on Mar 24, 2021.
             Slain by a gnoll
             ... wielding a +0 whip
              (9 damage)
             ... on level 2 of the Dungeon.
             The game lasted 00:05:14 (2461 turns).

Hasart the Magician (Mummy Venom Mage)              Turns: 2461, Time: 00:05:14

Health: -1/24      AC:  2    Str: 11    XL:     3   Next: 60%
Magic:  0/7        EV: 12    Int: 15    God:
Gold:   70         SH:  0    Dex: 12    Spells: 5/8 levels left

rFire    x . .     SeeInvis .   b - +2 dagger (venom)
rCold    + . .     Faith    .   (no shield)
rNeg     + + +     Spirit   .   a - +0 robe
rPois    ∞         Reflect  .   (no helmet)
rElec    .         Harm     .   (no cloak)
rCorr    .         Rampage  .   (no gloves)
Will     .....                  (no boots)
Stlth    ++........             (no amulet)
HPRegen  0.08/turn              (no ring)
MPRegen  0.10/turn              (no ring)

@: no status effects
A: cold resistance 1, negative energy resistance 3, torment resistance 2,
unbreathing 1, heat vulnerability 1, no potions
a: no special abilities


You were on level 2 of the Dungeon.
You visited 1 branch of the dungeon, and saw 2 of its levels.

You collected 70 gold pieces.

Inventory:

Hand Weapons
 b - a +2 dagger of venom (weapon)
Armour
 a - a +0 robe (worn)
Scrolls
 c - a scroll of teleportation {unknown}
 d - a scroll of identify {unknown}


   Skills:
 + Level 2.0 Dodging
 - Level 1.5 Stealth
 + Level 3.2 Spellcasting
 + Level 1.3 Transmutations
 + Level 0.1 Air Magic
 * Level 3.0 Poison Magic


You had 5 spell levels left.
You knew the following spells:

 Your Spells              Type           Power      Damage    Failure   Level
a - Sting                 Tmut/Pois      36%        1d4       8%          1
b - Poisonous Vapours     Pois/Air       14%        N/A       16%         2

Your spell library contained the following spells:

 Spells                   Type           Power      Damage    Failure   Level
 Ignite Poison            Fire/Tmut/Pois 6%         N/A       32%         3
 Mephitic Cloud           Conj/Pois/Air  5%         N/A       36%         3
 Olgreb's Toxic Radiance  Pois           11%        N/A       50%         4
 Confusing Touch          Hex            2%         N/A       52%         3
 Gell's Gravitas          Tloc           1%         N/A       52%         3
 Petrify                  Tmut/Erth      4%         N/A       83%         4
 Metabolic Englaciation   Hex/Ice        1%         N/A       99%         5
 Yara's Violent Unravell  Hex/Tmut       2%         3d3       99%         5


Dungeon Overview and Level Annotations

Branches:
Dungeon (2/15)

Altars:


Innate Abilities, Weirdness & Mutations

You are immune to poison.
Your flesh is cold resistant. (rC+)
You are immune to negative energy. (rN+++)
You are immune to unholy pain and torment.
You can survive without breathing.
You are vulnerable to heat. (rF-)
You do not drink.


Message History

Aiming: Sting (safe; 8% risk of failure)
Press: ? - help, Shift-Dir - straight line, f/p - gnoll
Aim: a gnoll, wielding a +0 whip (28% to evade)
The sting hits the gnoll but does no damage.
The gnoll is poisoned.
The gnoll barely misses you.
You see here a +0 dagger.
Casting: Sting (safe; 8% risk of failure)
Confirm with . or Enter, or press ? or * to list all spells.
Aiming: Sting (safe; 8% risk of failure)
Press: ? - help, Shift-Dir - straight line, f/p - gnoll
Aim: a gnoll, wielding a +0 whip (lightly wounded, poisoned, 28% to evade)
The sting misses the gnoll.
The gnoll barely misses you.
Casting: Sting (safe; 8% risk of failure)
Confirm with . or Enter, or press ? or * to list all spells.
Aiming: Sting (safe; 8% risk of failure)
Press: ? - help, Shift-Dir - straight line, f/p - gnoll
Aim: a gnoll, wielding a +0 whip (lightly wounded, poisoned, 28% to evade)
The sting hits the gnoll but does no damage.
The gnoll looks even sicker.
The gnoll is lightly wounded.
The gnoll hits you with a +0 whip.
Casting: Sting (safe; 8% risk of failure)
Confirm with . or Enter, or press ? or * to list all spells.
Aiming: Sting (safe; 8% risk of failure)
Press: ? - help, Shift-Dir - straight line, f/p - gnoll
Aim: a gnoll, wielding a +0 whip (lightly wounded, very poisoned, 28% to evade)
The sting misses the gnoll.
The gnoll hits you with a +0 whip.
Casting: Sting (safe; 8% risk of failure)
Confirm with . or Enter, or press ? or * to list all spells.
Aiming: Sting (safe; 8% risk of failure)
Press: ? - help, Shift-Dir - straight line, f/p - gnoll
Aim: a gnoll, wielding a +0 whip (heavily wounded, poisoned, 28% to evade)
The sting misses the gnoll.
The gnoll hits you with a +0 whip.
Casting: Sting (safe; 8% risk of failure)
Confirm with . or Enter, or press ? or * to list all spells.
Aiming: Sting (safe; 8% risk of failure)
Press: ? - help, Shift-Dir - straight line, f/p - gnoll
Aim: a gnoll, wielding a +0 whip (heavily wounded, poisoned, 28% to evade)
The sting misses the gnoll.
The gnoll hits you with a +0 whip!
You die...

.##......................
.............>...........
.................#.......
#####.####.......#.......
... .. ..#.....##.......
### .## #.).[.##....... .
. #.............# #
..#####.............# ..
............@.......# ...
............g....... ..#
#......<..##........
#.##########........
...............
.######........
######.......<
#.....)....###
#............#


You could see a gnoll (poisoned).

Vanquished Creatures
  An adder (D:2)
  2 orcs
  7 bats
  4 giant cockroaches
  3 goblins
  A hobgoblin (D:2)
  4 quokkas
  2 ball pythons
  2 frilled lizards
  6 kobolds
  8 rats
  A bush (D:1)
41 creatures vanquished.

Vanquished Creatures (others)
  6 plants (D:1)
6 creatures vanquished.

Grand Total: 47 creatures vanquished

Notes
Turn   | Place    | Note
-------+----------+-------------------------------------------
     0 | D:1      | Hasart the Mummy Venom Mage began the quest for the Orb.
     0 | D:1      | Reached XP level 1. HP: 13/13 MP: 4/4
   268 | D:1      | Reached skill level 1 in Transmutations
   302 | D:1      | Reached XP level 2. HP: 17/19 MP: 2/5
  1601 | D:1      | Reached XP level 3. HP: 24/24 MP: 4/7
  2127 | D:2      | Learned a level 2 spell: Poisonous Vapours
  2461 | D:2      | Slain by a gnoll

Illustrated notes

Levels and vault maps discovered:
D:1:      minmay_arrival_stair_chambers, layout_basic, serial_forest,
          infiniplex_forest_clump_small, infiniplex_forest_split,
          infiniplex_forest_fountain, infiniplex_forest_lined_3,
          infiniplex_forest_clump_cross, infiniplex_forest_clump_curved,
          infiniplex_forest_lined_room_2, infiniplex_forest_clump_small,
          infiniplex_forest_end_2, hex_tiny
D:2:      layout_basic, lemuel_coloured_pillars_altar

Skill      XL: |  1  2  3 |
---------------+----------+-----
Transmutations | 1 |  1.3
Spellcasting   | 3 |  3.2
Dodging        | 2 |  2.0
Poison Magic   | 3 |  3.0
Stealth        | |  1.5
Air Magic      | |  0.1

Action                   || total
-------------------------++-------
Melee: Dagger            ||    88
 Cast: Sting             ||    64
 Stab: Sleeping          ||     1
Armor: Robe              ||    14
Dodge: Dodged            ||    40

Table legend: (Time is in decaauts)
 A = Elapsed time spent in this place.
 B = Non-inter-level travel time spent in this place.
 C = Inter-level travel time spent in this place.
 D = Time resting spent in this place.
 E = Time spent auto-exploring this place.
 F = Levels seen in this place.
 G = Mean time per level.
                   A        B        C        D        E       F      G
               +--------+--------+--------+--------+--------+-----+--------+
         Total |   2461 |   2412 |     49 |    234 |   1820 |   2 | 1230.5 |
       Dungeon |   2461 |   2412 |     49 |    234 |   1820 |   2 | 1230.5 |
               +--------+--------+--------+--------+--------+-----+--------+

Top non-repeatable levels by time:
     D:1: 2007 daAuts
     D:2: 454 daAuts
